 Dungeon Crawl Stone Soup version 0.23-a0-183-gf37f6fb (webtiles) character file.

2412 Felrender the Cleaver (level 9, 0/112 HPs)
             Began as a Minotaur Fighter on Sept 22, 2018.
             Slain by an iguana (6 damage)
             ... on level 7 of the Dungeon.
             The game lasted 00:13:13 (4603 turns).

Felrender the Cleaver (Minotaur Fighter)            Turns: 4603, Time: 00:13:14

Health: 0/112      AC: 24    Str: 22    XL:     9   Next: 23%
Magic:  8/8        EV:  2    Int:  5    God:
Gold:   1          SH:  0    Dex: 17    Spells: 8/8 levels left

rFire    . . .     SeeInvis .   n - +0 battleaxe
rCold    . . .     Gourm    .   (shield currently unavailable)
rNeg     + + +     Faith    .   (armour currently unavailable)
rPois    +         Spirit   .   (helmet currently unavailable)
rElec    .         Reflect  .   (cloak currently unavailable)
rCorr    .         Harm     .   (gloves currently unavailable)
MR       .....     NoTele   +   (boots currently unavailable)
Stlth    +++.......             (no amulet)
HPRegen  0.28/turn              (no ring)
MPRegen  0.11/turn              (no ring)

@: agile, tree-form
A: (retaliatory headbutt)
a: no special abilities


You were on level 7 of the Dungeon.
You were not hungry.
You were a tree.
You visited 1 branch of the dungeon, and saw 7 of its levels.

You collected 446 gold pieces.
You spent 445 gold pieces at shops.

Inventory:

Hand Weapons
 a - a +0 war axe
 n - a +0 battleaxe (weapon)
 r - a cursed +4 spear
 y - a +3 hand axe
Armour
 b - a +1 cloak (melded)
 c - a +1 shield
 e - the +2 scale mail of the Teacher (melded) {+Blink rN+++ Dex-2 Stlth-}
   (You bought it in a shop on level 6 of the Dungeon)

   It affects your dexterity (-2).
   It renders you almost immune to negative energy.
   It lets you blink.
   It makes you less stealthy.
 g - a +0 chain mail
 l - a +0 pair of gloves
 z - a +0 pair of gloves of strength (melded)
Jewellery
 q - an uncursed amulet of faith
Wands
 t - a wand of polymorph (6)
Scrolls
 o - 2 scrolls of fear
 p - 4 scrolls of remove curse
 x - 2 scrolls of amnesia
Potions
 i - a potion of lignification
 k - a potion of invisibility
 m - a potion of mutation {unknown}
 s - a potion of resistance {unknown}
 u - a potion of magic {unknown}
 v - a potion of cancellation {unknown}
 w - a potion of ambrosia {unknown}
Comestibles
 d - 7 chunks of flesh
 f - 6 rations


   Skills:
 + Level 6.3 Fighting
 + Level 9.1 Axes
 + Level 7.2 Armour
 + Level 2.3 Dodging
 + Level 1.8 Stealth
 + Level 5.3 Shields
 * Level 6.1 Unarmed Combat


You had 8 spell levels left.
You didn't know any spells.
Your spell library was empty.

Dungeon Overview and Level Annotations

Branches:
Dungeon (7/15)
 Temple: D:4-7

Altars:
Ashenzari
Fedhas
Gozag
Makhleb
Nemelex Xobeh
Sif Muna
Vehumet
Xom

Shops:
D:6 [


Innate Abilities, Weirdness & Mutations

((You reflexively headbutt those who attack you in melee.))
((You have a pair of horns on your head.))


Message History

* * * LOW HITPOINT WARNING * * *
The centaur hits you but does no damage.
You hit the centaur but do no damage.
The centaur is moderately wounded.
The centaur hits you but does no damage.
The orc warrior hits you from afar with a glaive.
* * * LOW HITPOINT WARNING * * *
The orc wizard mumbles some strange words.
The orc wizard seems to speed up.
The centaur hits you.
* * * LOW HITPOINT WARNING * * *
You hear a shout!
You slash the centaur!
You kill the centaur!
The orc warrior hits you from afar with a glaive.
* * * LOW HITPOINT WARNING * * *
You barely miss the iguana.
The orc warrior hits you but does no damage.
The iguana bites you but does no damage.
You hit the iguana but do no damage. The iguana bites you.
You die... .. #g### #....... .o. .o. ooo

.l# #o# #.# #)#
#.# #♣# #.#
#l###.##.##.#
#(.((.H......
.#####.(#####.##.#
................
.#####..#####.##
#.<.......
##.######. #.#


You could see an orc warrior, an iguana, an orc wizard, 3 orcs and a goblin.

Vanquished Creatures
  Grinder (D:3)
  A hippogriff (D:7)
  Duvessa (D:4)
  An ice beast (D:5)
  4 ogres
  2 centaurs (D:7)
  2 phantoms
  A bullfrog (D:6)
  Dowan (D:4)
  A vampire bat (D:5)
  9 wights (D:6)
  2 crimson imps
  A jelly (D:5)
  A hound (D:4)
  A bullfrog skeleton (D:4)
  An orc priest (D:7)
  2 iguanas
  2 orc wizards
  4 worker ants
  Robin (D:4)
  7 gnolls
  7 adders
  A howler monkey skeleton (D:6)
  A shadow imp (D:5)
  An ooze (D:1)
  3 worms
  A dart slug (D:2)
  3 leopard geckos
  13 orcs
  3 giant cockroaches
  13 goblins
  7 hobgoblins
  7 jackals
  11 kobolds
  5 quokkas
  16 bats
  7 frilled lizards
  A jackal skeleton (D:4)
  A leopard gecko zombie (D:6)
  A quokka skeleton (D:5)
  5 rats
153 creatures vanquished.

Vanquished Creatures (others)
  An orc (D:5)
1 creature vanquished.

Grand Total: 154 creatures vanquished

Notes
Turn   | Place    | Note
-------+----------+-------------------------------------------
     0 | D:1      | Felrender the Minotaur Fighter began the quest for the Orb.
     0 | D:1      | Reached XP level 1. HP: 19/19 MP: 0/0
    29 | D:1      | Reached XP level 2. HP: 21/27 MP: 1/1
   105 | D:1      | Reached skill level 1 in Unarmed Combat
   289 | D:1      | Reached XP level 3. HP: 33/33 MP: 2/2
   582 | D:2      | Reached skill level 3 in Axes
   918 | D:2      | Reached XP level 4. HP: 36/40 MP: 3/3
   940 | D:2      | Found a shimmering altar of Xom.
   955 | D:2      | Found a burning altar of Makhleb.
  1164 | D:3      | Found a shattered altar of Ashenzari.
  1277 | D:3      | Reached skill level 1 in Dodging
  1436 | D:3      | Reached XP level 5. HP: 38/46 MP: 4/4
  1602 | D:3      | Noticed Grinder
  1620 | D:3      | Killed Grinder
  1620 | D:3      | Reached skill level 4 in Axes
  1620 | D:3      | Reached skill level 5 in Shields
  1620 | D:3      | Reached XP level 6. HP: 40/53 MP: 5/5
  1964 | D:3      | Reached skill level 5 in Axes
  1997 | D:3      | Found a deep blue altar of Sif Muna.
  2155 | D:4      | Found a sparkling altar of Nemelex Xobeh.
  2341 | D:4      | Noticed Robin
  2346 | D:4      | Killed Robin
  2554 | D:4      | Reached skill level 5 in Armour
  2554 | D:4      | Reached XP level 7. HP: 60/60 MP: 6/6
  2596 | D:4      | Noticed Dowan
  2596 | D:4      | Noticed Duvessa
  2613 | D:4      | Killed Duvessa
  2617 | D:4      | Killed Dowan
  2617 | D:4      | Reached skill level 6 in Axes
  2959 | D:5      | Entered Level 5 of the Dungeon
  2994 | D:5      | Found a radiant altar of Vehumet.
  3005 | D:5      | Reached skill level 5 in Fighting
  3143 | D:5      | Reached XP level 8. HP: 55/68 MP: 7/7
  3366 | D:5      | Reached skill level 7 in Axes
  3750 | D:6      | Reached skill level 1 in Stealth
  3889 | D:6      | Found an opulent altar of Gozag.
  4129 | D:6      | Reached skill level 5 in Unarmed Combat
  4225 | D:6      | HP: 1/70 [ogre/giant club (15)]
  4229 | D:6      | Reached skill level 8 in Axes
  4426 | D:6      | Found a blossoming altar of Fedhas.
  4464 | D:6      | Reached XP level 9. HP: 75/75 MP: 8/8
  4499 | D:6      | Found Nimuzoq's Antique Armour Boutique.
  4504 | D:6      | Bought a steaming scale mail for 243 gold pieces
  4504 | D:6      | Bought a pair of glowing gloves for 202 gold pieces
  4514 | D:6      | Identified the +2 scale mail of the Teacher {+Blink rN+++
                  | Dex-2 Stlth-} (You bought it in a shop on level 6 of the
                  | Dungeon)
  4598 | D:7      | Reached skill level 9 in Axes
  4601 | D:7      | HP: 5/112 [orc warrior/glaive (4)]
  4603 | D:7      | Slain by an iguana

Vault maps used:
D:1:      dpeg_arrival_lava_altar, serial_forest, infiniplex_forest_lined_3,
          infiniplex_forest_straight_3, infiniplex_forest_clump_tiny,
          infiniplex_forest_straight_1, infiniplex_forest_straight_2,
          infiniplex_forest_lined_3, infiniplex_forest_lined_corner,
          infiniplex_forest_zigzag_1, minmay_strange_pillars
D:2:      amethyst_overflow_temple_binary, first_ration
D:3:      led_sif_pool, evilmike_ruin_ashenzari, uniq_grinder
D:4:      kennysheep_mini, minmay_quantized, uniq_duvessa, uniq_robin
D:5:      fiery_altar_vehumet, roderic_batcave, st_stairs_7
D:6:      lemuel_crystal_altar, nicolae_gozag_seed_capital, serial_shops,
          kennysheep_little_box
D:7:      temple_fountains

Skill      XL: |  1  2  3  4  5  6  7  8  9 |
---------------+----------------------------+-----
Shields        | 4 5 |  5.3
Unarmed Combat | 1 2 3 4 5 6 |  6.1
Fighting       | 4 5 6 |  6.3
Armour         | 4 5 6 7 |  7.2
Axes           | 3 4 5 6 8 9 |  9.1
Dodging        | 1 2 |  2.3
Stealth        | 1 |  1.8

Action                   |  1- 3 |  4- 6 |  7- 9 || total
-------------------------+-------+-------+-------++-------
Melee: War axe           |    96 |    40 |       ||   136
       Headbutt          |    14 |    14 |    31 ||    59
       Battleaxe         |       |    65 |   205 ||   270
       Unarmed           |       |     9 |       ||     9
  Use: Scroll            |     9 |     1 |     4 ||    14
       Potion            |       |       |    11 ||    11
 Stab: Distracted        |       |       |     1 ||     1
  Eat: Chunk             |       |     3 |     1 ||     4
       Ration            |       |     1 |     2 ||     3
Armor: Scale mail        |    46 |    25 |     6 ||    77
       Chain mail        |       |    30 |   133 ||   163
       Skin              |       |       |    64 ||    64
Dodge: Dodged            |    27 |    54 |    98 ||   179
Block: Shield            |    58 |    32 |       ||    90

Table legend:
 A = Non-vault XP
 B = Vault XP
 C = Vault XP percentage of total XP
 D = Non-vault monster count
 E = Vault monster count
 F = Vault count percentage of total count
                 A         B        C        D         E       F
            +---------+---------+-------+---------+---------+-------
      Total |    2630 |     816 |  23.7 |     126 |      27 |  17.6
            +---------+---------+-------+---------+---------+-------
        D:1 |      41 |       0 |   0.0 |      23 |       0 |   0.0
        D:2 |      66 |       0 |   0.0 |      24 |       0 |   0.0
        D:3 |     150 |     286 |  65.6 |      18 |       1 |   5.3
        D:4 |     233 |     453 |  66.0 |       7 |      16 |  69.6
        D:5 |     448 |      77 |  14.7 |      22 |      10 |  31.2
        D:6 |    1159 |       0 |   0.0 |      26 |       0 |   0.0
        D:7 |     533 |       0 |   0.0 |       6 |       0 |   0.0
            +---------+---------+-------+---------+---------+-------
